[Event "Titled Tuesday Blitz June 13 Late 2023"]
[White "Fernandez Garcia, Gumersindo"]
[Black "Can, Melih Kaan"]
[WhiteFideId "24516740"]
[BlackFideId "6317383"]
[WhiteElo "2093"]
[BlackElo "2010"]
[Result "0-1"]
[Round "4"]
[TimeControl "180+2"]
[Date "2023.06.13"]
[WhiteClock "0:00:13"]
[BlackClock "0:00:06"]
[Board "119"]

1. g4 d5 2. Bg2 e5 3. c4 c6 4. cxd5 Bxg4 5. Nc3 Nf6 6. d3 Bc5 7. Qb3 cxd5 8. Qxb7 O-O 9. Qxa8 Qb6 10. e3 Nc6 11. Qxf8+ Kxf8 12. h3 Bf5 13. Nge2 Bxd3 14. O-O d4 15. exd4 exd4 16. Na4 Qb5 17. Nxc5 Qxc5 18. Re1 Ne5 19. Bf4 Ng6 20. Rac1 Qf5 21. Bd6+ Kg8 22. Nxd4 Qd7 23. Bc5 h5 24. b4 Nf4 25. Re7 Qa4 26. Nf3 Nxg2 27. Kxg2 Qxa2 28. Rd1 Be2 29. Rd8+ Kh7 30. Re3 Bxf3+ 31. Rxf3 Qc4 32. Rf8 Kg6 33. Rg3+ Kh7 34. Ra8 Qe4+ 35. Rf3 Qxa8 36. Kg3 Ne4+ 37. Kf4 f6 38. Re3 Ng5 39. Kf5 Qd5+ 40. Kf4 Nxh3+ 41. Rxh3 Qg5+ 42. Kf3 Qg4+ 43. Ke3 Qxh3+ 44. Kd4 Qb3 45. b5 Qxb5 46. Bxa7 Qa4+ 47. Ke3 Qxa7+ 48. Kf3 Kg6 49. Kg3 Kg5 50. f3 Qc7+ 51. Kh3 Kf4 52. Kh4 Qf7 53. Kh3 Qg6 54. Kh4 Qg5+ 55. Kh3 Qg3# 0-1


[Site "https://www.chess.com"]

[Event "Titled Tuesday Blitz June 13 Late 2023"]
[White "Altman, Joshua"]
[Black "Myers, Dominique"]
[WhiteFideId "426210"]
[BlackFideId "2041715"]
[WhiteElo "2028"]
[BlackElo "1951"]
[Result "1-0"]
[Round "4"]
[TimeControl "180+2"]
[Date "2023.06.13"]
[WhiteClock "0:01:06"]
[BlackClock "0:01:20"]
[Board "120"]

1. d4 Nf6 2. c4 g6 3. Nc3 d5 4. Bg5 Ne4 5. Bh4 Nxc3 6. bxc3 dxc4 7. e3 Bg7 8. Bxc4 O-O 9. Nf3 c5 10. O-O Nc6 11. Qe2 Bg4 12. h3 Bxf3 13. Qxf3 Qd6 14. Bg3 e5 15. Rfd1 cxd4 16. cxd4 Qb4 17. Bd5 exd4 18. Rab1 Qa3 19. Rxb7 Nd8 20. Rd7 Rc8 21. Bd6 Qa4 22. Bxf8 Qxd7 23. Bxg7 Kxg7 24. Rxd4 Rc1+ 25. Kh2 Qc7+ 26. g3 Rc2 27. Bb3 Rc6 28. Rxd8 Rf6 29. Rg8+ Kxg8 30. Qxf6 Qe7 31. Qxe7 1-0


[Site "https://www.chess.com"]

[Event "Titled Tuesday Blitz June 13 Late 2023"]
[White "Tarlabasi, Emirhan"]
[Black "Smiechu"]
[WhiteFideId "6350275"]
[WhiteElo "2200"]
[BlackElo "2406"]
[Result "0-1"]
[Round "4"]
[TimeControl "180+2"]
[Date "2023.06.13"]
[WhiteClock "0:00:02"]
[BlackClock "0:00:16"]
[Board "121"]

1. Nf3 Nf6 2. c4 c5 3. b3 g6 4. Bb2 Bg7 5. g3 O-O 6. Bg2 Nc6 7. O-O d6 8. d4 cxd4 9. Nxd4 Bd7 10. Nc3 Nxd4 11. Qxd4 Bc6 12. Nd5 Bxd5 13. Bxd5 Qd7 14. Rfd1 Nh5 15. Qd2 Bxb2 16. Qxb2 Nf6 17. Bf3 Rac8 18. h4 h5 19. Rac1 b6 20. e4 Qe6 21. Re1 Ng4 22. Bxg4 Qxg4 23. e5 dxe5 24. Rxe5 e6 25. Rce1 Rfd8 26. Kg2 Qd4 27. Qa3 Rc7 28. R1e2 Qd6 29. Qc1 Qc6+ 30. Kh2 Rcd7 31. Qg5 Rd1 32. Re1 Qf3 33. Kg1 R8d2 34. Qf4 Qxf4 35. gxf4 Rxe1+ 36. Rxe1 Rxa2 37. Rd1 Rb2 38. Rd7 Rxb3 39. Rxa7 Rb4 40. Rc7 Kg7 41. Kg2 Rb3 42. Rc6 Kf6 43. Rc7 Rc3 44. f3 b5 45. c5 b4 46. Rb7 Rxc5 47. Rxb4 Rc2+ 48. Kg3 Rc1 49. Rb7 Rd1 50. Ra7 Rd8 51. Rb7 Rf8 52. Rb5 Kg7 53. Ra5 f6 54. Ra6 Re8 55. Ra7+ Kf8 56. Rh7 Re7 57. Rh8+ Kg7 58. Ra8 Rb7 59. Ra6 Kf7 60. Ra5 Rd7 61. Ra6 Ke7 62. Ra8 Rd3 63. Rg8 Kf7 64. Ra8 e5 65. fxe5 fxe5 66. Ra6 e4 67. Kf4 exf3 68. Kg5 Rd5+ 69. Kh6 f2 70. Ra1 Rf5 71. Rf1 Kf6 72. Kh7 Rf4 73. Kh6 Kf5 74. Kh7 Kg4 75. Kh6 Kxh4 76. Kxg6 Kg3 77. Kg5 Rf8 78. Kxh5 Kg2 79. Rxf2+ Kxf2 0-1


[Site "https://www.chess.com"]

[Event "Titled Tuesday Blitz June 13 Late 2023"]
[White "Nikologorsky, Matfei"]
[Black "Sebag, Marie"]
[WhiteFideId "24102474"]
[BlackFideId "617822"]
[WhiteElo "2153"]
[BlackElo "2431"]
[Result "1-0"]
[Round "4"]
[TimeControl "180+2"]
[Date "2023.06.13"]
[WhiteClock "0:02:02"]
[BlackClock "0:01:51"]
[Board "122"]

1. e4 e5 2. Nf3 Nc6 3. Bb5 Nf6 4. O-O Nxe4 5. d4 Nd6 6. dxe5 Nxb5 7. a4 Nbd4 8. Nxd4 Nxd4 9. Qxd4 d5 10. exd6 Qxd6 11. Qe3+ Qe6 12. Qg3 Qg6 13. Qxc7 Bd6 14. Re1+ Be6 15. Qxd6 Rd8 16. Qg3 Qxc2 17. Qxg7 Rf8 18. Bh6 Kd7 19. Na3 Qf5 20. Qd4+ Kc8 21. Qc3+ Kb8 22. Bxf8 1-0


[Site "https://www.chess.com"]

[Event "Titled Tuesday Blitz June 13 Late 2023"]
[White "Pesotskiy, Mikhail"]
[Black "MaryanKyrychenko"]
[WhiteFideId "34164453"]
[WhiteElo "2131"]
[BlackElo "2575"]
[Result "1-0"]
[Round "4"]
[TimeControl "180+2"]
[Date "2023.06.13"]
[WhiteClock "0:00:17"]
[BlackClock "0:00:09"]
[Board "123"]

1. d4 Nf6 2. c4 e6 3. Nc3 Bb4 4. Qc2 O-O 5. a3 Bxc3+ 6. Qxc3 b6 7. Bg5 Bb7 8. e3 d5 9. Nf3 Nbd7 10. cxd5 exd5 11. Bd3 h6 12. Bh4 c5 13. O-O Rc8 14. Rac1 c4 15. Bb1 Qc7 16. Bg3 Qc6 17. Ne5 Nxe5 18. Bxe5 Rfe8 19. Rfe1 a6 20. Qc2 b5 21. Qf5 Ne4 22. f3 f6 23. Bf4 Nd6 24. Qh7+ Kf8 25. Bg6 Nf7 26. Bxh6 Nxh6 27. Qh8+ Ng8 28. e4 dxe4 29. fxe4 Qd6 30. Rcd1 Qf4 31. d5 Qh6 32. Bh7 Kf7 33. e5 Ne7 34. e6# 1-0


[Site "https://www.chess.com"]

[Event "Titled Tuesday Blitz June 13 Late 2023"]
[White "Makaraci, Tunahan"]
[Black "Bueno, Alfeu Junior Varela"]
[WhiteFideId "6356559"]
[BlackFideId "2108879"]
[WhiteElo "2160"]
[BlackElo "2175"]
[Result "0-1"]
[Round "4"]
[TimeControl "180+2"]
[Date "2023.06.13"]
[WhiteClock "0:00:00"]
[BlackClock "0:00:12"]
[Board "124"]

1. e4 e6 2. d4 d5 3. Nd2 Nf6 4. e5 Nfd7 5. g3 c5 6. c3 Nc6 7. Ne2 Be7 8. Bg2 O-O 9. O-O f6 10. f4 cxd4 11. cxd4 Qb6 12. exf6 Bxf6 13. Nf3 e5 14. fxe5 Ndxe5 15. Kh1 Nxf3 16. Bxf3 Bh3 17. Bxd5+ Kh8 18. Rf4 Nxd4 19. Be3 Qb5 20. Nc3 Qxb2 21. Rxf6 Rxf6 22. Bxd4 Rf1+ 23. Qxf1 Bxf1 24. Rxf1 h6 25. Rb1 Qd2 26. Rd1 Qc2 27. Be4 Qb2 28. Nd5 Qxa2 29. Nf4 Qa4 30. Rd2 Re8 31. Bxb7 Qb4 32. Rb2 Qxd4 33. Rb1 Rb8 34. Ng6+ Kh7 35. Nf4 Rxb7 0-1


[Site "https://www.chess.com"]

[Event "Titled Tuesday Blitz June 13 Late 2023"]
[White "Ozalp, Burak"]
[Black "WindWhistler11"]
[WhiteFideId "6314210"]
[WhiteElo "2106"]
[BlackElo "2568"]
[Result "1-0"]
[Round "4"]
[TimeControl "180+2"]
[Date "2023.06.13"]
[WhiteClock "0:00:09"]
[BlackClock "0:00:00"]
[Board "125"]

1. Nf3 f5 2. c4 Nf6 3. g3 g6 4. Bg2 Bg7 5. O-O O-O 6. Nc3 d6 7. d3 Nc6 8. Rb1 e6 9. b4 a6 10. Bg5 h6 11. Bd2 g5 12. a4 Ne7 13. b5 Ng6 14. Ne1 a5 15. Nc2 Rb8 16. e3 g4 17. f4 gxf3 18. Qxf3 Ng4 19. d4 b6 20. h3 Nf6 21. Qe2 h5 22. e4 h4 23. g4 fxg4 24. e5 dxe5 25. dxe5 Qd4+ 26. Kh1 Qxe5 27. Qxe5 Nxe5 28. Bf4 Nh5 29. Ne2 gxh3 30. Bxh3 Nxf4 31. Nxf4 Nxc4 32. Nxe6 Re8 33. Rbe1 Be5 34. Ncd4 Bxe6 35. Bxe6+ Rxe6 36. Nxe6 Re8 37. Ng5 Rd8 38. Nf3 Bg3 39. Re4 Nd6 40. Rg4+ Kh7 41. Nxh4 Rg8 42. Rxg8 Kxg8 43. Nf5 Nxf5 44. Rxf5 Bd6 45. Kg2 Kg7 46. Kf3 Kg6 47. Ke4 Bc5 48. Rf1 Bd6 49. Kd5 Kg5 50. Kc6 Kg4 51. Kd7 Kg5 52. Rc1 Kf5 53. Rxc7 Bb4 54. Rc6 Bc3 55. Rxb6 1-0


[Site "https://www.chess.com"]

[Event "Titled Tuesday Blitz June 13 Late 2023"]
[White "Fajdetic, Hrvoje"]
[Black "Mortazavi, Ali"]
[WhiteFideId "14501945"]
[BlackFideId "401323"]
[WhiteElo "2185"]
[BlackElo "2339"]
[Result "0-1"]
[Round "4"]
[TimeControl "180+2"]
[Date "2023.06.13"]
[WhiteClock "0:00:00"]
[BlackClock "0:00:32"]
[Board "126"]

1. d4 Nf6 2. Bf4 g6 3. Nc3 c5 4. d5 Qb6 5. Rb1 Bg7 6. e4 d6 7. Qd2 Na6 8. Nf3 Bg4 9. Bb5+ Bd7 10. Bxa6 Qxa6 11. e5 dxe5 12. Nxe5 Bf5 13. h3 O-O 14. g4 Ne4 15. Qe3 Nxc3 16. Qxc3 Be4 17. f3 Bxd5 18. Kf2 Rfd8 19. Rhd1 e6 20. b3 b6 21. Qb2 Rac8 22. c4 Ba8 23. Qe2 Qb7 24. h4 f6 25. Nd3 e5 26. Bg3 Rd4 27. g5 e4 28. Nf4 fxg5 29. hxg5 Qf7 30. Rxd4 Bxd4+ 31. Kf1 exf3 32. Qe6 Re8 33. Qxf7+ Kxf7 34. b4 Be4 0-1


[Site "https://www.chess.com"]

[Event "Titled Tuesday Blitz June 13 Late 2023"]
[White "sebastianmarinp"]
[Black "Jaskolka, Tomasz"]
[BlackFideId "1170791"]
[WhiteElo "2388"]
[BlackElo "2155"]
[Result "0-1"]
[Round "4"]
[TimeControl "180+2"]
[Date "2023.06.13"]
[WhiteClock "0:00:00"]
[BlackClock "0:00:52"]
[Board "127"]

1. e4 d5 2. exd5 Nf6 3. Nf3 Bg4 4. Be2 Qxd5 5. Nc3 Qf5 6. h3 Bxf3 7. Bxf3 Nc6 8. O-O e6 9. d4 Rd8 10. Be3 Bc5 11. Nb5 O-O 12. Qe2 Nxd4 13. Nxd4 Bxd4 14. Bxd4 Rxd4 15. Bxb7 Rb4 16. Ba6 Rxb2 17. Bd3 Qc5 18. a4 Nd5 19. Qe4 g6 20. Qe5 Qc3 21. Qg5 Rfb8 22. a5 Nb4 23. Be4 Qd4 0-1


[Site "https://www.chess.com"]

[Event "Titled Tuesday Blitz June 13 Late 2023"]
[White "Ozates, Tuna"]
[Black "Topalov, Aleksandar"]
[WhiteFideId "6354521"]
[BlackFideId "925659"]
[WhiteElo "2151"]
[BlackElo "2151"]
[Result "0-1"]
[Round "4"]
[TimeControl "180+2"]
[Date "2023.06.13"]
[WhiteClock "0:01:59"]
[BlackClock "0:00:07"]
[Board "128"]

1. e4 e6 2. d4 d5 3. Nc3 Bb4 4. e5 Qd7 5. Qg4 Bf8 6. f4 h5 7. Qg3 g6 8. Nf3 b6 9. a4 Ba6 10. Bb5 c6 11. Bxa6 Nxa6 12. O-O Nh6 13. a5 b5 14. Ne2 Nf5 15. Qf2 c5 16. c3 b4 17. dxc5 Nxc5 18. Ned4 bxc3 19. bxc3 Ne4 20. Qe1 Nxd4 21. cxd4 Be7 22. Ba3 O-O 23. Bxe7 Qxe7 24. h3 Kg7 25. g4 hxg4 26. hxg4 Rh8 27. Ra2 Rh3 28. Rg2 Rah8 29. Nh2 Qa3 30. f5 Qd3 31. f6+ Kg8 32. Qb4 Qe3+ 33. Kh1 Ng3+ 0-1


[Site "https://www.chess.com"]

[Event "Titled Tuesday Blitz June 13 Late 2023"]
[White "Prieto Aranguren, Alain"]
[Black "ElDivis"]
[WhiteFideId "2268906"]
[WhiteElo "2209"]
[BlackElo "2536"]
[Result "0-1"]
[Round "4"]
[TimeControl "180+2"]
[Date "2023.06.13"]
[WhiteClock "0:00:23"]
[BlackClock "0:01:58"]
[Board "129"]

1. d4 Nf6 2. Nf3 b6 3. c4 Bb7 4. Nc3 g6 5. g3 Bg7 6. Bg2 O-O 7. O-O c5 8. d5 e6 9. e4 exd5 10. exd5 d6 11. Re1 a6 12. a4 Nbd7 13. Bf4 Qc7 14. Qd2 Rae8 15. Ng5 h6 16. Nge4 Nxe4 17. Nxe4 Ne5 18. b3 g5 19. Be3 f5 20. Nc3 Qf7 21. f3 f4 22. gxf4 gxf4 23. Bf2 Bc8 24. Ne4 Qg6 25. Kh1 Bf5 26. Qxf4 Nd3 27. Qg3 Bxe4 0-1


[Site "https://www.chess.com"]

[Event "Titled Tuesday Blitz June 13 Late 2023"]
[White "Lacey, Patrick"]
[Black "Pert, Richard G"]
[WhiteFideId "2032007"]
[BlackFideId "404748"]
[WhiteElo "2383"]
[BlackElo "2441"]
[Result "0-1"]
[Round "4"]
[TimeControl "180+2"]
[Date "2023.06.13"]
[WhiteClock "0:01:41"]
[BlackClock "0:01:41"]
[Board "130"]

1. Nf3 Nf6 2. c4 g6 3. Nc3 Bg7 4. g3 O-O 5. Bg2 d6 6. O-O e5 7. d3 Nc6 8. Rb1 a5 9. a3 Bf5 10. Bg5 h6 11. Bd2 e4 12. Nh4 Be6 13. Nxe4 Nxe4 14. Bxe4 d5 15. cxd5 Bxd5 16. Bxd5 Qxd5 17. Nf3 Rfe8 18. Re1 Rad8 19. Qc2 Re7 20. Bc3 Rde8 21. Bxg7 Kxg7 22. Qc3+ Kg8 23. b4 axb4 24. axb4 Rxe2 25. Rxe2 Rxe2 26. Nd2 Nd4 27. Ne4 Rxe4 0-1


[Site "https://www.chess.com"]

[Event "Titled Tuesday Blitz June 13 Late 2023"]
[White "Golubev, Mikhail"]
[Black "Fernandez Siles, Luis"]
[WhiteFideId "14100983"]
[BlackFideId "2209420"]
[WhiteElo "2374"]
[BlackElo "2195"]
[Result "0-1"]
[Round "4"]
[TimeControl "180+2"]
[Date "2023.06.13"]
[WhiteClock "0:00:00"]
[BlackClock "0:00:45"]
[Board "131"]

1. e4 c5 2. Nf3 Nc6 3. Nc3 g6 4. d4 cxd4 5. Nxd4 Bg7 6. Be3 Nf6 7. Bc4 O-O 8. Bb3 d6 9. f3 Bd7 10. h4 Qa5 11. Qd2 Rfc8 12. O-O-O Ne5 13. g4 Nc4 14. Bxc4 Rxc4 15. h5 Rac8 16. Nb3 Qe5 17. Bd4 Qg3 18. Qe3 Nxg4 19. fxg4 Qxe3+ 20. Bxe3 Bxg4 21. Rdg1 gxh5 22. Rh2 Bxc3 23. bxc3 Rxe4 24. Rxh5 Kh8 25. Rh4 f5 26. Bg5 Kg7 27. Rg3 Kg6 28. Bd2 h5 29. Nd4 f4 30. Rg1 Kg5 31. Rh2 e5 32. Nf3+ Kf5 33. Nh4+ Ke6 34. Re1 Rxe1+ 35. Bxe1 e4 36. Bd2 e3 37. Bxe3 fxe3 38. Ng2 e2 39. Nf4+ Kf5 40. Nxe2 Bxe2 41. Rxe2 h4 42. Re7 Rh8 43. Rf7+ Ke6 44. Rf2 h3 45. Rh2 Kf5 46. Kd2 Kg4 0-1


[Site "https://www.chess.com"]

[Event "Titled Tuesday Blitz June 13 Late 2023"]
[White "Berezin, Viktor"]
[Black "Castella Garcia, Fausto"]
[WhiteFideId "14107872"]
[BlackFideId "3501922"]
[WhiteElo "2310"]
[BlackElo "2245"]
[Result "1-0"]
[Round "4"]
[TimeControl "180+2"]
[Date "2023.06.13"]
[WhiteClock "0:01:10"]
[BlackClock "0:00:57"]
[Board "132"]

1. d4 Nf6 2. Nf3 g6 3. g3 Bg7 4. Bg2 c5 5. O-O cxd4 6. Nxd4 O-O 7. a4 Nc6 8. Nb3 d5 9. a5 e5 10. Bg5 e4 11. Nc3 Be6 12. Nc5 Nxa5 13. Nxe6 fxe6 14. Bh3 Re8 15. Nxe4 Nc4 16. Nxf6+ Bxf6 17. Bxf6 Qxf6 18. b3 Nb6 19. Qd3 a6 20. Qe3 d4 21. Qd2 Nd5 22. Ra4 Nc3 23. Rc4 Rad8 24. e3 dxe3 25. Qxc3 Qxc3 26. Rxc3 e2 27. Re3 Rd1 28. Rxe2 1-0


[Site "https://www.chess.com"]

[Event "Titled Tuesday Blitz June 13 Late 2023"]
[White "Slavin, Alexey"]
[Black "Taboas Rodriguez, Daniel"]
[WhiteFideId "24104388"]
[BlackFideId "2208466"]
[WhiteElo "2264"]
[BlackElo "2365"]
[Result "1/2-1/2"]
[Round "4"]
[TimeControl "180+2"]
[Date "2023.06.13"]
[WhiteClock "0:00:13"]
[BlackClock "0:00:39"]
[Board "133"]

1. e4 e5 2. Nf3 Nc6 3. c3 Nf6 4. d4 d6 5. dxe5 dxe5 6. Qxd8+ Nxd8 7. Bd3 Nc6 8. Bg5 Bg4 9. Nbd2 O-O-O 10. Bc4 Bh5 11. O-O-O Bc5 12. Bh4 Bg6 13. Rhe1 Rhe8 14. b4 Bb6 15. a4 a6 16. h3 a5 17. b5 Nb8 18. g4 Nbd7 19. Bg3 Nc5 20. Nxe5 Nxa4 21. Nxg6 fxg6 22. Kc2 Nc5 23. f3 g5 24. Nb3 Nxb3 25. Bxb3 h6 26. Rxd8+ Rxd8 27. Rd1 Rxd1 28. Kxd1 Be3 29. Kc2 Bf4 30. Bf2 b6 31. Bd4 Kd7 32. Bf7 Kd6 33. Kb3 Nd7 34. Bg8 Ne5 35. Bh7 Nxf3 36. Bxg7 Ng1 37. Bxh6 Nxh3 38. Bf5 Nf2 39. Bf8+ Ke5 40. Bg7+ Kd6 41. Bf8+ Ke5 42. Bg7+ Kd6 43. Bf8+ 1/2-1/2


[Site "https://www.chess.com"]

[Event "Titled Tuesday Blitz June 13 Late 2023"]
[White "Hoffmann, Asa"]
[Black "Peycheva, Gergana"]
[WhiteFideId "2001470"]
[BlackFideId "2916711"]
[WhiteElo "2117"]
[BlackElo "2216"]
[Result "0-1"]
[Round "4"]
[TimeControl "180+2"]
[Date "2023.06.13"]
[WhiteClock "0:00:00"]
[BlackClock "0:01:09"]
[Board "134"]

1. d4 Nf6 2. Bg5 e6 3. Nd2 h6 4. Bh4 d5 5. e3 Be7 6. Bd3 b6 7. c3 O-O 8. f4 Ba6 9. Bxa6 Nxa6 10. Ngf3 c5 11. Ne5 Nb8 12. O-O Ne4 13. Bxe7 Qxe7 14. Nxe4 dxe4 15. f5 exf5 16. Rxf5 Nd7 17. Qg4 Nxe5 18. Rxe5 Qd6 19. Qxe4 Rad8 20. Rf1 Qd7 21. h3 Rfe8 0-1


[Site "https://www.chess.com"]

[Event "Titled Tuesday Blitz June 13 Late 2023"]
[White "Petesch, Gabriel"]
[Black "Quinones Garcia, Santiago"]
[WhiteFideId "2032465"]
[BlackFideId "4408497"]
[WhiteElo "2374"]
[BlackElo "2173"]
[Result "1-0"]
[Round "4"]
[TimeControl "180+2"]
[Date "2023.06.13"]
[WhiteClock "0:00:08"]
[BlackClock "0:00:09"]
[Board "135"]

1. Nf3 d5 2. g3 c6 3. Bg2 Bg4 4. d3 Nd7 5. Nc3 Ngf6 6. O-O e5 7. e4 Bd6 8. h3 Bh5 9. Re1 O-O 10. g4 Bg6 11. g5 Nh5 12. exd5 Nf4 13. Bxf4 exf4 14. dxc6 bxc6 15. Ne4 Bc7 16. Qe2 Re8 17. Rad1 Ne5 18. d4 Nxf3+ 19. Qxf3 Bxe4 20. Rxe4 Qxg5 21. Rde1 Rxe4 22. Qxe4 h6 23. Qxc6 Rc8 24. Qd7 Qd8 25. Qxd8+ Rxd8 26. c3 Ba5 27. Bc6 g6 28. Kg2 Kg7 29. Kf3 g5 30. Re7 Bb6 31. Ba4 Kf6 32. Rb7 h5 33. Bb3 Rf8 34. a4 Kg6 35. a5 Bxa5 36. Rxa7 Bb6 37. Ra6 Rb8 38. Bd5 Kf5 39. b4 g4+ 40. hxg4+ hxg4+ 41. Ke2 f3+ 42. Bxf3 gxf3+ 43. Kxf3 Bd8 44. Ke3 Bg5+ 45. Kd3 Bh4 46. Ra7 f6 47. Ra2 Kf4 48. d5 Ke5 49. c4 Rxb4 50. Re2+ Kf5 51. d6 Rb7 52. Kd4 Kf4 53. Kd5 f5 54. c5 Kf3 55. Ra2 Bxf2 56. c6 Rb8 57. c7 Rh8 58. d7 Bh4 59. c8=Q Rh6 60. d8=Q Kg4 61. Qxh4+ Rxh4 62. Qg8+ Kf3 63. Qg2+ Ke3 64. Qf2+ Kd3 65. Qe2+ Kc3 66. Qd2+ Kb3 67. Qc2+ Kb4 68. Ra4+ Kb5 69. Qc6# 1-0


[Site "https://www.chess.com"]

[Event "Titled Tuesday Blitz June 13 Late 2023"]
[White "Avalos Parra, Joao"]
[Black "Osmak, Yuliia"]
[WhiteFideId "3402541"]
[BlackFideId "14101602"]
[WhiteElo "2173"]
[BlackElo "2303"]
[Result "1-0"]
[Round "4"]
[TimeControl "180+2"]
[Date "2023.06.13"]
[WhiteClock "0:00:43"]
[BlackClock "0:00:27"]
[Board "136"]

1. d4 Nf6 2. c4 g6 3. Nc3 d5 4. Nf3 Bg7 5. h4 dxc4 6. e4 b5 7. h5 a6 8. h6 Bf8 9. Bg5 Bb7 10. d5 Nbd7 11. Qd4 c5 12. dxc6 Bxc6 13. e5 b4 14. exf6 exf6 15. Ne4 fxg5 16. Qxh8 Bxe4 17. O-O-O Qa5 18. Qd4 Bf5 19. Bxc4 O-O-O 20. Qa7 Bc5 21. Bxa6+ 1-0


[Site "https://www.chess.com"]

[Event "Titled Tuesday Blitz June 13 Late 2023"]
[White "Bogaudinov, Rushan"]
[Black "Roebers, Eline"]
[WhiteFideId "4129288"]
[BlackFideId "1058401"]
[WhiteElo "1967"]
[BlackElo "2508"]
[Result "1-0"]
[Round "4"]
[TimeControl "180+2"]
[Date "2023.06.13"]
[WhiteClock "0:00:27"]
[BlackClock "0:00:00"]
[Board "137"]

1. d4 f5 2. Nc3 Nf6 3. Bg5 d5 4. Bxf6 exf6 5. e3 Be6 6. Nf3 Qd7 7. Bb5 Nc6 8. O-O a6 9. Ba4 g5 10. a3 h5 11. b4 b5 12. Bb3 h4 13. Ne1 g4 14. Nd3 Bf7 15. Nf4 Ne7 16. a4 Rb8 17. axb5 axb5 18. Ra7 Bh6 19. Qa1 O-O 20. Qa5 Rfc8 21. Qa6 Bxf4 22. exf4 Nc6 23. Rb7 Nxb4 24. Qxb5 Rxb7 25. Qxd7 Rcb8 26. Qxf5 c6 27. Qxg4+ Kf8 28. Qxh4 Kg7 29. h3 Rh8 30. Qg3+ Kf8 31. f5 Na6 32. Qd6+ Kg7 33. Qxc6 Ra7 34. Nxd5 Bxd5 35. Qxd5 Nb8 36. Re1 Rd7 37. Qe4 Rhd8 38. c3 Na6 39. Qg4+ Kh7 40. Qh5+ Kg7 41. Qg6+ Kh8 42. Qxf6+ Kh7 43. Re4 1-0


[Site "https://www.chess.com"]

[Event "Titled Tuesday Blitz June 13 Late 2023"]
[White "Papp, Petra"]
[Black "Srdanovic, Jovana"]
[WhiteFideId "739049"]
[BlackFideId "954810"]
[WhiteElo "2259"]
[BlackElo "2155"]
[Result "1-0"]
[Round "4"]
[TimeControl "180+2"]
[Date "2023.06.13"]
[WhiteClock "0:01:28"]
[BlackClock "0:00:19"]
[Board "138"]

1. d4 d5 2. c4 c6 3. cxd5 cxd5 4. Bf4 Nc6 5. e3 Nf6 6. Nc3 a6 7. Bd3 e6 8. Nf3 Be7 9. O-O O-O 10. Rc1 Bd7 11. a3 Rc8 12. b4 b5 13. Qe2 Be8 14. Rc2 Nd7 15. e4 dxe4 16. Nxe4 Nf6 17. Rd1 g6 18. Bh6 Nd5 19. g3 f5 20. Nc5 Bxc5 21. Rxc5 Bf7 22. Rdc1 Nce7 23. Qe5 1-0


[Site "https://www.chess.com"]

[Event "Titled Tuesday Blitz June 13 Late 2023"]
[White "Szente Varga, Fruzsina"]
[Black "Fedotov, Nikita"]
[WhiteFideId "712264"]
[BlackFideId "24161446"]
[WhiteElo "1994"]
[BlackElo "2211"]
[Result "0-1"]
[Round "4"]
[TimeControl "180+2"]
[Date "2023.06.13"]
[WhiteClock "0:01:39"]
[BlackClock "0:02:29"]
[Board "139"]

1. e4 e6 2. d4 d5 3. Nd2 Nc6 4. Bb5 Bd7 5. c3 a6 6. Bd3 Nce7 7. Ngf3 Bb5 8. Bc2 a5 9. a4 Ba6 10. b4 c6 11. exd5 Nxd5 12. Bb2 axb4 13. c4 Nc3 14. Qc1 Nf6 15. O-O Ne2+ 0-1


[Site "https://www.chess.com"]

[Event "Titled Tuesday Blitz June 13 Late 2023"]
[White "Musovic, Armin"]
[Black "Zherebtsova, Alexandra"]
[WhiteFideId "939935"]
[BlackFideId "24129518"]
[WhiteElo "2322"]
[BlackElo "2055"]
[Result "1-0"]
[Round "4"]
[TimeControl "180+2"]
[Date "2023.06.13"]
[WhiteClock "0:00:55"]
[BlackClock "0:00:00"]
[Board "140"]

1. a3 d5 2. d4 Nf6 3. Nf3 Bf5 4. c4 c6 5. Nc3 e6 6. g3 h6 7. Bg2 Bd6 8. O-O O-O 9. Nd2 Nbd7 10. e4 dxe4 11. Ndxe4 Nxe4 12. Nxe4 Bc7 13. Be3 Nf6 14. Nc3 Qd7 15. d5 exd5 16. cxd5 cxd5 17. Nxd5 Nxd5 18. Qxd5 Qxd5 19. Bxd5 Be5 20. Ra2 a5 21. f4 Bf6 22. Rf2 Rfe8 23. Bb6 Ra6 24. Bc5 Bh3 25. Ra1 Raa8 26. Rd2 Rac8 27. Bb6 a4 28. Rad1 Bg4 29. Rf1 Bh3 30. Bg2 Bxg2 31. Kxg2 Rc6 32. Ba5 Rce6 33. Rff2 Re3 34. Rc2 Rb3 35. Rfd2 b5 36. Bb6 Re1 37. Bd4 Bxd4 38. Rxd4 Rb1 39. Rd8+ Kh7 40. Rdd2 b4 41. axb4 Rxb4 42. Kh3 Rb3 43. Rd7 Kg6 44. Rc6+ f6 45. Rcc7 R3xb2 46. g4 1-0


[Site "https://www.chess.com"]

[Event "Titled Tuesday Blitz June 13 Late 2023"]
[White "Aggelis, Nikolaos"]
[Black "Garrido, Denis"]
[WhiteFideId "4213220"]
[BlackFideId "601217"]
[WhiteElo "2189"]
[BlackElo "2355"]
[Result "1-0"]
[Round "4"]
[TimeControl "180+2"]
[Date "2023.06.13"]
[WhiteClock "0:00:34"]
[BlackClock "0:00:14"]
[Board "141"]

1. c4 Nf6 2. Nf3 g6 3. g3 Bg7 4. b3 Ne4 5. d4 c5 6. Bb2 Qa5+ 7. Nbd2 Nc6 8. e3 cxd4 9. exd4 d6 10. Bd3 Bf5 11. Bxe4 Bxe4 12. O-O Bf5 13. a3 O-O 14. b4 Qd8 15. Re1 Rc8 16. Qb3 e5 17. d5 Ne7 18. Rac1 b6 19. Nf1 Bg4 20. N3d2 Bd7 21. Ne4 Be8 22. Red1 h6 23. c5 dxc5 24. bxc5 f5 25. Nd6 Rxc5 26. Nxe8 Rxc1 27. Rxc1 Qxe8 28. d6+ Qf7 29. Qxf7+ Rxf7 30. Rc7 Nd5 31. d7 Rf8 32. Rc8 Bf6 33. Bxe5 Bd8 34. Bd6 Ne7 35. Ne3 Kf7 36. Nd5 Ke6 37. Bxe7 Bxe7 38. Rxf8 Kxd7 39. Rf7 1-0


[Site "https://www.chess.com"]

[Event "Titled Tuesday Blitz June 13 Late 2023"]
[White "Jakic, Ivan"]
[Black "The_Straightforward_Rook"]
[WhiteFideId "14504901"]
[WhiteElo "2365"]
[BlackElo "2354"]
[Result "0-1"]
[Round "4"]
[TimeControl "180+2"]
[Date "2023.06.13"]
[WhiteClock "0:02:23"]
[BlackClock "0:01:32"]
[Board "142"]

1. e4 e5 2. Nf3 Nc6 3. Bb5 Nf6 4. O-O Nxe4 5. Re1 Nd6 6. Nxe5 Nxe5 7. Rxe5+ Be7 8. Nc3 O-O 9. Bf1 Bf6 10. Re1 Re8 11. Nd5 Rxe1 12. Qxe1 c6 13. Nxf6+ Qxf6 14. d3 Qe6 15. Qxe6 dxe6 16. Bf4 Nf5 17. g3 f6 18. a4 e5 19. Bd2 Nd4 20. Bc3 Nxc2 21. Rc1 Nd4 22. b4 Be6 23. Kg2 Bd5+ 24. Kh3 Kf7 25. f4 h5 26. fxe5 fxe5 27. Bxd4 exd4 28. Be2 g6 29. Kh4 Re8 30. Rf1+ Kg7 31. Rf2 Kh6 32. g4 g5+ 33. Kg3 Re3+ 34. Bf3 h4+ 35. Kg2 h3+ 36. Kg3 Rxd3 37. b5 Rxf3+ 38. Rxf3 Bxf3 39. Kxf3 c5 40. Ke4 b6 41. Kd3 Kg6 42. Ke4 Kf6 43. Kd3 Ke6 0-1


[Site "https://www.chess.com"]